 Dungeon Crawl Stone Soup version 0.32-a0-18-g89e19f1974 (webtiles) character file.

Game seed: 11564223469100343974

87 bobarctor the Ruffian (level 4, -4/33 HPs)
             Began as a Demonspawn Shapeshifter on Jan 17, 2024.
             Slain by Crazy Yiuf
             ... wielding a +4 quarterstaff of chaos
              (14 damage)
             ... on level 3 of the Dungeon.
             The game lasted 00:05:55 (2309 turns).

bobarctor the Ruffian (Demonspawn Shapeshifter)     Turns: 2309, Time: 00:05:55

Health: -4/33      AC:  4    Str: 16    XL:     4   Next: 28%
Magic:  4/4        EV: 12    Int: 11    God:
Gold:   107        SH:  0    Dex: 12    Spells: 3/3 levels left

rFire   . .          .
                       - Unarmed
rCold   . . .        (no shield)
rNeg    . . .        p - +1 leather armour {Will+}
rPois   .            (helmet currently unavailable)
rElec   .            (cloak currently unavailable)
rCorr   .            (gloves currently unavailable)
SInv    .            (boots currently unavailable)
Will    +....        (no amulet)
Stlth   +            (no ring)
HPRegen 0.25/turn    (no ring)
MPRegen 0.09/turn

%: no passive effects
@: mighty, beast-form
A: beast (slay +1), powered by pain 1, demonic touch 1
a: Begin Untransformation


You were on level 3 of the Dungeon.
You were a hulking beast.
You visited 1 branch of the dungeon, and saw 3 of its levels.

You collected 107 gold pieces.

Inventory:

Missiles
 i - 5 poisoned darts
 n - 31 stones
 o - 3 javelins (quivered)
Armour
 a - a +0 animal skin
 p - a +1 leather armour of willpower (worn)
 t - a +1 pair of boots
Talismans
 c - a beast talisman
 d - a flux talisman
Scrolls
 f - 2 scrolls of immolation {unknown}
 h - a scroll of amnesia {unknown}
 k - a scroll of vulnerability {unknown}
 l - 3 scrolls of identify {unknown}
 q - a scroll of fog {unknown}
 s - a scroll of enchant armour {unknown}
 v - a scroll of teleportation {unknown}
Potions
 b - a potion of lignification
 e - 2 potions of ambrosia {unknown}
 g - a potion of attraction {unknown}
 j - a potion of brilliance {unknown}
 m - a potion of heal wounds {unknown}
 r - a potion of curing {unknown}
 u - a potion of invisibility {unknown}
 w - a potion of mutation {unknown}


   Skills:
 + Level 1.9 Fighting
 + Level 0.5 Throwing
 + Level 2.3 Dodging
 * Level 3.4 Unarmed Combat
 * Level 3.2 Shapeshifting


You had 3 spell levels left.
You didn't know any spells.
Your spell library contained the following spells:

 Spells                   Type           Power      Damage    Failure   Level
 Summon Ice Beast         Ice/Summ       0%         N/A       78%         3
 Summon Mana Viper        Hex/Summ       0%         N/A       100%        5
 Monstrous Menagerie      Summ           0%         N/A       100%        7


Dungeon Overview and Level Annotations

Branches:
Dungeon (3/15)

Altars:
Uskayaw

Annotations:
D:3 Crazy Yiuf


Innate Abilities, Weirdness & Mutations

You are a hulking beast.
Your limbs bulge with bestial killing power. (Slay +1)
You sometimes gain a little power by taking damage.
Your touch may inflict minor irresistible damage on your foes.


Message History

You hit Terence.
Terence is almost dead.
Terence barely misses you.
You hit Terence.
You kill Terence!
You have reached level 4!
You feel clever.
Your demonic ancestry asserts itself...
Your hands begin to faintly glow with unholy energy.
Things that are here:
a +0 falchion; a +0 scale mail; the human corpse of Terence You see here a +0 dagger.
You start resting.
HP restored.
Found a flux talisman.
You open the door.
There is an open door here.
Found a stone staircase leading up.
Found a hammer.
Found a runed translucent door.
Crazy Yiuf shouts!
Crazy Yiuf whimpers, "Key Orb Guardian chair!"
You open the door.
Crazy Yiuf cries, "Castle aubergine unthinkable!"
You hit Crazy Yiuf.
Crazy Yiuf is moderately wounded.
Crazy Yiuf hits you with a +4 quarterstaff of chaos.
Crazy Yiuf freezes you.
You hit Crazy Yiuf.
Crazy Yiuf is moderately wounded.
Crazy Yiuf hits you with a +4 quarterstaff of chaos!
You focus on the pain.
You feel very mighty all of a sudden. Crazy Yiuf burns you.
* * * LOW HITPOINT WARNING * * *
You hit Crazy Yiuf.
Crazy Yiuf is heavily wounded.
Crazy Yiuf misses you.
You completely miss Crazy Yiuf.
Crazy Yiuf is heavily wounded.
Crazy Yiuf hits you with a +4 quarterstaff of chaos!
You die...

#### #..............#######
######......<.............#
....................#####.##
#####....############ #..#
#....# ##.# #....# #.#
#....# ### #####.# #....#
#)..### ##.....# #....#
#...gh####......# #.####
#...##..#......## ###
###.#....## ########


You could see Crazy Yiuf.

Vanquished Creatures
  Terence (D:3)
  An adder (D:2)
  2 dart slugs
  A ball python (D:1)
  7 bats
  7 endoplasms
  3 giant cockroaches
  3 goblins
  5 hobgoblins
  4 jackals (D:1)
  2 quokkas (D:1)
  3 frilled lizards
  3 kobolds
  A rat (D:1)
43 creatures vanquished.

Notes
Turn   | Place    | Note
-------+----------+-------------------------------------------
     0 | D:1      | bobarctor the Demonspawn Shapeshifter began the quest for
                  | the Orb.
     0 | D:1      | Reached XP level 1. HP: 15/15 MP: 1/1
   143 | D:1      | Gained mutation: You sometimes gain a little power by
                  | taking damage. [demonic ancestry]
   143 | D:1      | Reached XP level 2. HP: 21/21 MP: 2/2
   954 | D:1      | Reached XP level 3. HP: 27/27 MP: 3/3
  1083 | D:1      | Found a faded altar of an unknown god.
  1480 | D:2      | Found a hide-covered altar of Uskayaw.
  2197 | D:3      | Noticed Terence
  2209 | D:3      | Killed Terence
  2210 | D:3      | Gained mutation: Your touch may inflict minor irresistible
                  | damage on your foes. [demonic ancestry]
  2210 | D:3      | Reached XP level 4. HP: 22/33 MP: 4/4
  2301 | D:3      | Found a runed translucent door.
  2302 | D:3      | Noticed Crazy Yiuf
  2309 | D:3      | Slain by Crazy Yiuf

Illustrated notes

Levels and vault maps discovered:
D:1:      scummos_arrival_star, layout_loops_corners,
          hellmonk_ecumenical_altar_run_dry
D:2:      layout_loops_ring, basic_altar
D:3:      layout_basic, uniq_terence, uniq_crazy_yiuf_cottage

Skill      XL: |  1  2 |
---------------+-------+-----
Dodging        | 2 |  2.3
Unarmed Combat | 3 |  3.4
Shapeshifting  | 3 |  3.2
Fighting       | |  1.9
Throwing       | |  0.5

Action                     |  1- 3 |  4- 6 || total
---------------------------+-------+-------++-------
  Melee: Unarmed           |   125 |     4 ||   129
         Punch             |     2 |       ||     2
  Throw: Dart              |     2 |       ||     2
         Javelin           |     2 |       ||     2
   Stab: Sleeping          |     1 |       ||     1
 Armour: Animal skin       |    38 |       ||    38
         Leather armour    |    27 |     3 ||    30
  Dodge: Dodged            |    62 |     1 ||    63

Table legend: (Time is in decaauts)
 A = Elapsed time spent in this place.
 B = Non-inter-level travel time spent in this place.
 C = Inter-level travel time spent in this place.
 D = Time resting spent in this place.
 E = Time spent auto-exploring this place.
 F = Levels seen in this place.
 G = Mean time per level.
                   A        B        C        D        E       F      G
               +--------+--------+--------+--------+--------+-----+--------+
         Total |   2302 |   2247 |     55 |    273 |   1562 |   3 |  767.3 |
       Dungeon |   2302 |   2247 |     55 |    273 |   1562 |   3 |  767.3 |
               +--------+--------+--------+--------+--------+-----+--------+

Top non-repeatable levels by time:
     D:1: 1358 daAuts
     D:2: 658 daAuts
     D:3: 285 daAuts
